 Dungeon Crawl Stone Soup version 0.26-a0-651-gb41185065b (webtiles) character file.

Game seed: 5121994806596307193

(classic levelgen) 1933 EnegeticOcto the Shield-Bearer (level 8, -1/73 HPs)
             Began as a Deep Dwarf Fighter on Oct 13, 2020.
             Was a Follower of Makhleb.
             Slain by an unseen horror (4 damage)
             ... on level 7 of the Dungeon.
             The game lasted 00:02:00 (2898 turns).

EnegeticOcto the Shield-Bearer (Deep Dwarf Fighter) Turns: 2898, Time: 00:02:00

Health: -1/73      AC: 12    Str: 22    XL:     8   Next: 97%
Magic:  8/8        EV:  3    Int:  9    God:    Makhleb [*.....]
Gold:   219        SH: 17    Dex: 18    Spells: 7/7 levels left

rFire    . . .     SeeInvis .   a - +1 war axe
rCold    . . .     Faith    .   j - +0 tower shield
rNeg     + . .     Spirit   .   g - +0 plate armour
rPois    .         Reflect  .   (no helmet)
rElec    .         Harm     .   (no cloak)
rCorr    .         Rampage  .   (no gloves)
MR       +....                  (no boots)
Stlth    ..........             (no amulet)
HPRegen  0.00/turn              h - ring of positive energy
MPRegen  0.11/turn              k - +6 ring of dexterity

@: non-regenerating
A: damage resistance, heal wounds, sense surroundings 1, no regeneration
a: Heal Wounds, Renounce Religion


You were on level 7 of the Dungeon.
You worshipped Makhleb.
Makhleb was aware of your devotion.
You visited 1 branch of the dungeon, and saw 7 of its levels.

You collected 219 gold pieces.

Inventory:

Hand Weapons
 a - a +1 war axe (weapon)
Armour
 b - a +0 scale mail
 c - a +0 kite shield
 g - a +0 plate armour (worn)
 i - a +0 chain mail
 j - a +0 tower shield (worn)
Jewellery
 h - a ring of positive energy (left hand)
 k - a +6 ring of dexterity (right hand)
Wands
 m - a wand of paralysis (10)
 p - a wand of enslavement (11)
Scrolls
 e - 9 scrolls of identify {@r1}
 l - 3 scrolls of teleportation {@r3}
 n - 2 scrolls of remove curse {@r2}
Potions
 d - a potion of might {@q3}
 f - a potion of haste {@q4}
 o - a potion of curing {unknown}
 q - a potion of stabbing {unknown}


   Skills:
 + Level 4.9 Fighting
 * Level 7.4 Axes
 + Level 6.0 Armour
 * Level 7.7 Shields
 + Level 3.8 Invocations


You had 7 spell levels left.
You didn't know any spells.
Your spell library was empty.

Dungeon Overview and Level Annotations

Branches:
Dungeon (7/15)
 Temple: D:4-7

Altars:
Hepliaklqana
Makhleb
Qazlal

Shops:
D:6 (

Annotations:
D:5 1 exclusion


Innate Abilities, Weirdness & Mutations

You are resistant to damage.
You can heal yourself by infusing magical energy.
You passively map a small area around you.
You do not regenerate.


Message History

You block the ufetubus's attack.
You closely miss the ufetubus.
The ufetubus is lightly wounded.
Something hits you. The ufetubus barely misses you.
You block the ufetubus's attack. The ufetubus hits you.
You block the ufetubus's attack.
You barely miss the ufetubus.
The ufetubus is lightly wounded.
You block the ufetubus's attack. x2; Something hits you.
The ufetubus completely misses you. The ufetubus hits you.
You slash the ufetubus!
You kill the ufetubus!
Makhleb accepts your kill.
Your shield and plate armour prevent you from hitting something.
Something completely misses you.
No target in view!
No target in view!
No target in view!
No target in view!
No target in view!
There is a strange disturbance nearby!
There is a strange disturbance nearby!
No target in view!
There is a strange disturbance nearby!
No target in view!
No target in view!
No target in view!
No target in view!
No target in view!
No target in view!
No target in view!
No target in view!
No target in view!
No target in view!
You feel much better. You block something's attack.
Something hits you but does no damage.
There is an open door here.
You swing at nothing.
You block something's attack.
You swing at nothing.
Something hits you. Something hits you but does no damage.
You closely miss something. Something hits you.
You swing at nothing.
Something hits you but does no damage.
You miss something. Something hits you but does no damage.
You swing at nothing.
Something hits you but does no damage.
You swing at nothing.
Something hits you but does no damage. You block something's attack.
You barely miss something. Something hits you.
You swing at nothing.
You block something's attack.
You slash something! You block something's attack. Something hits you.
Something hits you!
You closely miss something. You block something's attack.
You swing at nothing.
Something hits you but does no damage.
You swing at nothing.
You block something's attack.
You hit something but do no damage. Something hits you.
You swing at nothing.
Something hits you but does no damage.
You closely miss something. Something hits you but does no damage.
You swing at nothing.
You block something's attack.
You closely miss something.
Something hits you but does no damage. x2
Something hits you.
You hit something but do no damage. Something hits you.
You swing at nothing.
Your plate armour prevents you from hitting something.
Something hits you.
You swing at nothing.
Something hits you.
You swing at nothing.
Something hits you but does no damage.
You swing at nothing.
You block something's attack.
You swing at nothing.
Something hits you. x2
You slash something! Something hits you. x2
You closely miss something. Something hits you!
You swing at nothing.
Something hits you but does no damage. Something hits you.
You closely miss something. Something hits you.
You swing at nothing.
Something hits you.
You barely miss something. Something hits you.
* * * LOW HITPOINT WARNING * * *
Something hits you but does no damage. Something hits you.
* * * LOW HITPOINT WARNING * * *
You swing at nothing.
You block something's attack.
You swing at nothing.
Something hits you. Something hits you but does no damage.
You barely miss something. Something hits you!
* * * LOW HITPOINT WARNING * * *
Something hits you but does no damage. Something hits you.
* * * LOW HITPOINT WARNING * * *
You hit something. Something hits you but does no damage.
You block something's attack.
You swing at nothing.
Something hits you but does no damage.
You swing at nothing.
Something hits you but does no damage.
You swing at nothing.
Something hits you but does no damage.
You swing at nothing.
Something hits you.
You swing at nothing.
Something hits you but does no damage.
You swing at nothing.
Something hits you.
* * * LOW HITPOINT WARNING * * *
You swing at nothing.
Something hits you but does no damage.
You swing at nothing.
You block something's attack.
You swing at nothing.
You block something's attack.
You swing at nothing.
Something hits you.
* * * LOW HITPOINT WARNING * * *
You swing at nothing.
Something hits you.
You die...

#[........##.........##*
...#####..#8.........8#*
##.# #.+.....?.....+ ,
##.######.#8.=.......8#
.......##.##.........#*
, ######.##.###8.....8#*
#.##...##.....### *,
#####......# #8{8##.#
........†...# ##@###.#
,,, ............#
#.###.# ............#
#.....# * *
............# #####.# ,
............# ######.# *
, ..........#.###......#
...###.####.#.....##.#
*, .. #.
#.###....###.##.###....
* #......>.#
#...........,


There were no monsters in sight!

Vanquished Creatures
  Pikel (D:6)
  A sky beast (D:6)
  2 orc warriors
  2 phantoms
  2 lemures (D:6)
  A bullfrog (D:6)
  2 scorpions
  3 hounds
  A jelly (D:6)
  5 orc wizards
  7 orc priests
  2 centaur skeletons
  An iguana (D:6)
  3 worker ants
  3 gnolls (D:5)
  4 adders
  3 shadow imps
  A white imp (D:6)
  3 oozes
  An ufetubus (D:7)
  An adder zombie (D:5)
  An adder skeleton (D:4)
  2 worms
  A dart slug (D:1)
  4 leopard geckos
  23 orcs
  A ball python (D:5)
  7 giant cockroaches
  3 goblins
  2 hobgoblins
  3 jackals (D:5)
  3 kobolds
  3 quokkas
  A frilled lizard (D:1)
  A jackal skeleton (D:4)
  A quokka skeleton (D:6)
  3 rats
108 creatures vanquished.

Notes
Turn   | Place    | Note
-------+----------+-------------------------------------------
     0 | D:1      | EnegeticOcto the Deep Dwarf Fighter began the quest for the
                  | Orb.
     0 | D:1      | Reached XP level 1. HP: 20/20 MP: 1/1
   125 | D:1      | Reached XP level 2. HP: 27/27 MP: 2/2
   365 | D:2      | Reached XP level 3. HP: 21/34 MP: 3/3
   530 | D:4      | Reached XP level 4. HP: 40/42 MP: 4/4
   617 | D:4      | Noticed a phantom
   638 | D:4      | Killed a phantom
   638 | D:4      | Reached XP level 5. HP: 37/49 MP: 5/5
   838 | D:4      | Reached XP level 6. HP: 31/56 MP: 6/6
   845 | D:4      | Reached skill level 5 in Shields
  1098 | D:5      | Entered Level 5 of the Dungeon
  1138 | D:5      | Noticed an orc warrior
  1166 | D:5      | Killed an orc warrior
  1166 | D:5      | Reached skill level 5 in Axes
  1166 | D:5      | Reached XP level 7. HP: 26/63 MP: 6/6
  1331 | D:5      | Found a glowing drain.
  1673 | D:5      | Found a hazy altar of Hepliaklqana.
  1673 | D:5      | Found a burning altar of Makhleb.
  2048 | D:5      | Became a worshipper of Makhleb the Destroyer
  2103 | D:6      | Reached skill level 5 in Armour
  2103 | D:6      | Reached skill level 1 in Invocations
  2187 | D:6      | Found Bowuit's Antique Weapon Boutique.
  2202 | D:6      | Reached XP level 8. HP: 30/72 MP: 8/8
  2265 | D:6      | Found a stormy altar of Qazlal.
  2284 | D:6      | Noticed Pikel
  2309 | D:6      | Killed Pikel
  2588 | D:6      | Reached * piety under Makhleb
  2897 | D:7      | HP: 3/73 [something (2)]
  2898 | D:7      | Slain by an unseen horror

Illustrated notes

Levels and vault maps discovered:
D:1:      roderic_crossed_star, layout_basic
D:2:      layout_basic, hangedman_decor_clover_reticule
D:3:      layout_basic, gammafunk_ghost_icy
D:4:      layout_loops_cross, chequers_jeans
D:5:      layout_basic, amethyst_overflow_temple_binary, gup_sewer_entry_pipe,
          minmay_curled_crystal
D:6:      layout_loops_ring, basic_altar, serial_shops, nicolae_shop_crystal,
          st_stairs_2, grunt_decor_cap, uniq_pikel
D:7:      layout_loops_ring, minmay_temple_entry_tees, dk_noncrumbling_4,
          minmay_misc_feat_ornament, minmay_circle_x, uniq_joseph

Skill      XL: |  1  2  3  4  5  6  7  8 |
---------------+-------------------------+-----
Fighting       | 3 4 |  4.9
Axes           | 3 4 5 6 7 |  7.4
Shields        | 4 5 6 7 |  7.7
Armour         | 4 5 6 |  6.0
Invocations    | 2 3 |  3.8

Action                   |  1- 3 |  4- 6 |  7- 9 || total
-------------------------+-------+-------+-------++-------
Melee: War axe           |    58 |   101 |   245 ||   404
 Abil: Heal Wounds       |     2 |     5 |    13 ||    20
  Use: Scroll            |       |       |     7 ||     7
Armor: Scale mail        |     5 |       |       ||     5
       Chain mail        |    32 |    32 |    20 ||    84
       Plate armour      |       |       |   119 ||   119
Dodge: Dodged            |     9 |     9 |    29 ||    47
Block: Kite shield       |    23 |       |       ||    23
       Tower shield      |     7 |    79 |   264 ||   350

Table legend: (Time is in decaauts)
 A = Elapsed time spent in this place.
 B = Non-inter-level travel time spent in this place.
 C = Inter-level travel time spent in this place.
 D = Time resting spent in this place.
 E = Time spent auto-exploring this place.
 F = Levels seen in this place.
 G = Mean time per level.
                   A        B        C        D        E       F      G
               +--------+--------+--------+--------+--------+-----+--------+
         Total |   3060 |   2869 |    191 |      0 |   1963 |   7 |  437.1 |
       Dungeon |   3060 |   2869 |    191 |      0 |   1963 |   7 |  437.1 |
               +--------+--------+--------+--------+--------+-----+--------+

Top non-repeatable levels by time:
     D:5: 1014 daAuts
     D:6: 714 daAuts
     D:4: 616 daAuts
     D:1: 275 daAuts
     D:2: 221 daAuts
     D:7: 174 daAuts
     D:3: 43 daAuts
